 Dungeon Crawl Stone Soup version 0.19.1 (webtiles) character file.

87420 RKaid the Warrior (level 15, -7/162 HPs)
             Began as a Gargoyle Gladiator on Dec 19, 2016.
             Was the Champion of Okawaru.
             Mangled by a four-headed hydra simulacrum (26 damage)
             ... in an ice cave on Dec 25, 2016.
             The game lasted 01:20:11 (27011 turns).

RKaid the Warrior (Gargoyle Gladiator)             Turns: 27011, Time: 01:20:11

Health: -7/162     AC: 37    Str: 35    XL:     15   Next: 90%
Magic:  19/19      EV: 23    Int: 10    God:    Okawaru [******]
Gold:   1603       SH:  2    Dex: 20    Spells: 0 memorised, 14 levels left

rFire  + . .     SeeInvis .     b - +4 dire flail
rCold  . . .     Gourm    .     S - +2 ring mail {rF+}
rNeg   + . .     Faith    .     (shield currently unavailable)
rPois  ∞         Spirit   .     f - +2 hat {Int+3}
rElec  +         Reflect  +     k - +0 cloak
rCorr  .         Harm     .     J - +1 pair of gloves {Str+3}
MR     +....                    j - +2 pair of boots of Zoybyts {Int-2 Dex+8}
Stlth  ..........               V - +2 amulet of reflection
                                p - +4 ring of strength
                                m - +5 ring of protection

@: berserking, heroism, flying, very quick
A: big wings, negative energy resistance 1, electricity resistance, unbreathing,
petrification resistance, rot immunity, AC +11
a: Stop Flying, Heroism, Finesse, Renounce Religion


You were in an ice cave.
You worshipped Okawaru.
Okawaru was exalted by your worship.
You were not hungry.

You visited 4 branches of the dungeon, and saw 24 of its levels.
You also visited: Sewer, Ossuary and Ice Cave.

You collected 1743 gold pieces.
You spent 140 gold pieces at shops.

Inventory:

Hand Weapons
 a - a +1 vampiric whip {win!}
   (You took it off an orc on level 4 of the Dungeon)
 b - a +4 dire flail (weapon)
   (You took it off a wight on level 9 of the Dungeon)
 y - a +4 executioner's axe of venom
   (Okawaru gifted it to you on level 1 of the Swamp)
Armour
 f - a +2 hat of intelligence (worn)
   (Okawaru gifted it to you on level 5 of the Lair of Beasts)
 j - the +2 pair of boots of Zoybyts (worn) {Int-2 Dex+8}
   (Okawaru gifted it to you on level 12 of the Dungeon)

   It affects your intelligence (-2).
   It affects your dexterity (+8).
 k - a +0 cloak (worn)
   (You took it off Nikola on level 2 of the Swamp)
 F - a +1 shield of cold resistance
   (Okawaru gifted it to you on level 2 of the Swamp)
 H - a +2 robe of resistance
   (You took it off Erica on level 9 of the Dungeon)
 J - a +1 pair of gloves of strength (worn)
   (Okawaru gifted it to you on level 4 of the Lair of Beasts)
 S - a +2 ring mail of fire resistance (worn)
   (You found it on level 4 of the Lair of Beasts)
Jewellery
 c - an uncursed ring of see invisible {sInv}
   (You took it off a spriggan on level 6 of the Lair of Beasts)
 h - an uncursed ring of protection from fire {rF+, !d}
   (You found it on level 1 of the Dungeon)
 m - a +5 ring of protection (left hand)
   (You found it on level 8 of the Dungeon)
 n - a +5 ring of dexterity
   (You found it on level 4 of the Dungeon)
 p - a +4 ring of strength (right hand)
   (You found it on level 4 of the Dungeon)
 Q - an uncursed ring of protection from fire {rF+}
   (You found it on level 3 of the Swamp)
 R - an uncursed ring of protection from magic {MR+}
   (You found it on level 4 of the Lair of Beasts)
 V - a +2 amulet of reflection (around neck)
   (You found it on level 6 of the Lair of Beasts)
Wands
 s - a wand of lightning (12/15)
   (You found it on level 3 of the Dungeon)
 K - a wand of paralysis (10/24)
   (You found it on level 1 of the Lair of Beasts)
 L - a wand of confusion (24/48)
   (You found it on level 1 of the Lair of Beasts)
 M - a wand of iceblast (7/15)
   (You found it on level 3 of the Lair of Beasts)
 O - a wand of digging (2/24)
   (You found it on level 1 of the Swamp)
 T - a wand of iceblast (4/15)
   (You found it on level 4 of the Lair of Beasts)
Scrolls
 e - 8 scrolls of remove curse
 i - 15 scrolls of identify
 o - 6 scrolls of enchant armour
 r - 3 scrolls of fog
 v - a scroll of magic mapping {!r}
 A - 2 scrolls of fear
 G - 5 scrolls of teleportation
 I - 2 scrolls of recharging
 P - 4 scrolls of enchant weapon
Potions
 d - 2 potions of might
 l - 2 potions of heal wounds
 q - 3 potions of mutation {!q}
 t - 13 potions of curing
 w - a potion of resistance
 z - 2 potions of agility
 B - 4 potions of lignification {!q}
 C - a potion of cure mutation {!q}
 D - 3 potions of haste
Miscellaneous
 W - a lamp of fire (inert)
   (You found it on level 3 of the Swamp)
Comestibles
 g - 11 meat rations
 N - a slice of pizza
 U - a bread ration


   Skills:
 + Level 18.1(23.1) Fighting
 - Level 14.5(19.5) Maces & Flails
 - Level 5.3(10.3) Throwing
 - Level 11.8(16.8) Armour
 - Level 8.5(13.5) Dodging
 - Level 5.3 Invocations


You had 14 spell levels left.
You didn't know any spells.

Dungeon Overview and Level Annotations

Branches:
Dungeon (14/15)            Temple (1/1) D:6            Lair (6/6) D:10
  Swamp (3/4) Lair:2        Snake (0/4) Lair:3        Slime (0/5) Lair:6
    Orc (0/2) D:10         Vaults (0/5) D:13

Altars:
Ashenzari
Cheibriados
Dithmenos
Elyvilon
Fedhas
Hepliaklqana
Kikubaaqudgha
Makhleb
Nemelex Xobeh
Okawaru
Qazlal
Ru
Sif Muna
Trog
Uskayaw
Vehumet
Xom
Yredelemnul
Zin
The Shining One
Jiyva

Shops:
D:6 =   D:10 ([   D:12 **:?

Annotations:
Swamp:2 exclusion: Roxanne, Roxanne


Innate Abilities, Weirdness & Mutations

You are resistant to torment.
Your stone body is resilient. (AC +11)
You are immune to poison.
Your large and strong wings let you fly indefinitely.
You resist negative energy. (rN+)
You are resistant to electric shocks. (rElec)
You can survive without breathing.
You are immune to petrification.
You are immune to rotting.


Message History

The ice beast hits you but does no damage.
You closely miss the ice beast. The ice statue gestures at you.
The bolt of cold hits the ice beast.
The ice beast completely resists.
The bolt of cold hits you! The ice beast barely misses you.
The ice statue gestures at you. The freezing blast hits you!
You bludgeon the ice statue!!
You hear the loud crackling of a melting archway.
The ice beast barely misses you. The ice beast completely misses you.
You sock the ice statue!
The ice statue gestures.
You hit the ice statue.
The ice beast hits you but does no damage.
The ice beast misses you.
You hit the ice statue.
The ice beast hits you but does no damage.
The ice beast barely misses you.
The ice beast hits you but does no damage.
You barely miss the ice statue. You puncture the ice statue!
You destroy the ice statue!
Okawaru accepts your kill.
The ice beast disappears in a puff of smoke! x3
There is a frozen archway here.
The world spins around you as you enter the gateway.
You enter an ice cave! 6 ice beasts come into view.
Found an ice covered gate leading back out of this place.
There is an ice choked empty arch of ancient stone here.
The ice beast moves out of view. x2
A dire elephant simulacrum comes into view.
Marking area around the four-headed hydra simulacrum as unsafe for travelling.
A four-headed hydra simulacrum comes into view.
The ice beast barely misses you. The ice beast completely misses you.
The ice beast hits you but does no damage.
You block the ice beast's attack.
The ice beast hits you but does no damage.
You gain the combat prowess of a mighty hero.
The ice beast closely misses you. The ice beast misses you.
You barely miss the ice beast. The ice beast completely misses you.
You puncture the ice beast! You block the ice beast's attack.
The ice beast barely misses you.
You hit the ice beast. You closely miss the ice beast.
The ice beast barely misses you. The ice beast misses you.
You impale the ice beast!!
You kill the ice beast!
Okawaru accepts your kill.
The ice beast hits you but does no damage.
You puncture the ice beast! The ice beast barely misses you.
You hit the ice beast but do no damage. The ice beast completely misses you.
You hit the ice beast. The ice beast completely misses you.
You barely miss the ice beast. The ice beast completely misses you.
The ice beast closely misses you.
You hit the ice beast.
The ice beast hits you but does no damage. x2
You puncture the ice beast!
You kill the ice beast!
Okawaru accepts your kill. The ice beast closely misses you.
The ice beast misses you. x2
You barely miss the ice beast. The ice beast barely misses you.
You spit the ice beast like a pig!!!
You kill the ice beast!
Okawaru accepts your kill. The ice beast barely misses you.
The ice beast misses you.
The dire elephant simulacrum tramples you!
The dire elephant simulacrum freezes you!!
* * * LOW HITPOINT WARNING * * *
The dire elephant simulacrum completely misses you.
Okay, then.
You feel much better. The ice beast barely misses you.
The dire elephant simulacrum completely misses you.
You block the dire elephant simulacrum's attack.
Really quaff
E - a potion of berserk rage {!q}?
A red film seems to cover your vision as you go berserk!
You feel yourself moving faster!
You feel mighty! The ice beast barely misses you.
The ice beast closely misses you.
The four-headed hydra simulacrum bites you but does no damage. x2
The four-headed hydra simulacrum misses you.
The four-headed hydra simulacrum bites you but does no damage.
You barely miss the ice beast.
The dire elephant simulacrum tramples you.
* * * LOW HITPOINT WARNING * * *
The dire elephant simulacrum freezes you!!
* * * LOW HITPOINT WARNING * * *
The dire elephant simulacrum trunk-slaps you but does no damage.
You sock the dire elephant simulacrum!
The ice beast hits you but does no damage.
The ice beast misses you.
You hit the dire elephant simulacrum.
The four-headed hydra simulacrum completely misses you.
The four-headed hydra simulacrum closely misses you.
The four-headed hydra simulacrum bites you but does no damage.
The four-headed hydra simulacrum bites you.
* * * LOW HITPOINT WARNING * * *
The four-headed hydra simulacrum freezes you!!
You die...

#.....## #..:$"
#......###.....?
#.......#...Z...
#.......#.......
#.∩..∩....Y.....
#.......#.......
#....Y..#....Z..
#...ZZY###.....)
#...Y@## #..)=/
####### #####


You could see 3 ice beasts, a four-headed hydra simulacrum and a dire elephant
simulacrum.

Vanquished Creatures
  Nikola (Swamp:2)
  Frances (Swamp:1)
  2 thorn hunters (Swamp:2)
  Kirke (Lair:5)
  Josephine (Lair:4)
  Harold (D:11)
  A yaktaur captain (D:13)
  14 hydras
  Erica (D:9)
  5 alligators
  A tengu warrior (D:13)
  5 death yaks
  Urug (D:13)
  2 unseen horrors
  3 swamp dragons
  3 hill giants
  A deep elf mage (D:12)
  4 ugly things
  2 manticores (D:11)
  4 black mambas
  8 elephants (Lair:6)
  2 ice statues (Swamp:3)
  2 torpor snails
  7 komodo dragons
  3 rime drakes
  10 spiny frogs
  4 centaur skeletons
  The ghost of monokles the Tormented, a novice DsNe of Kikubaaqudgha (D:5)
  2 kobold demonologists (D:12)
  2 yaktaurs (D:13)
  A tengu conjurer (D:13)
  5 trolls
  7 polar bears
  A tyrant leech (Swamp:1)
  8 slime creatures
  5 blink frogs (Lair:6)
  5 hornets
  5 bog bodies
  8 hippogriffs
  2 dream sheep (Lair:2)
  3 shadows
  15 spriggans
  48 yaks
  4 basilisks
  5 wraiths (Lair:4)
  5 hogs (Lair:5)
  4 hungry ghosts
  A mottled dragon (D:11)
  12 vampire mosquitoes
  10 swamp worms
  4 insubstantial wisps (Swamp:1)
  A soldier ant (D:13)
  16 water moccasins
  5 swamp drakes
  8 porcupines
  Purgy (Sewer)
  5 ice beasts
  4 black bears
  3 orc warriors
  2 necrophages
  7 centaurs
  3 boggarts (Lair:6)
  21 wolves (Lair:6)
  6 ogres
  19 crocodiles
  5 big kobolds
  14 bullfrogs
  5 scorpions
  4 wights (D:9)
  7 killer bees (D:8)
  7 howler monkeys
  An electric eel (Lair:2)
  7 crimson imps
  4 centaur zombies
  2 bullfrog zombies
  5 hounds
  8 orc priests
  7 bullfrog skeletons
  2 jellies
  7 iguanas
  11 orc wizards
  8 worker ants
  A big kobold zombie (Ossuary)
  4 mummies
  A hound zombie (D:9)
  3 hound skeletons
  A howler monkey zombie (D:5)
  2 worker ant zombies
  23 adders
  8 gnolls
  6 shadow imps
  3 oozes
  An adder skeleton (D:7)
  3 worms
  3 dart slugs
  10 leopard geckos
  48 orcs
  8 giant cockroaches
  20 goblins
  6 hobgoblins
  16 jackals
  28 kobolds
  2 quokkas
  3 ball pythons
  2 bats
  6 frilled lizards
  2 gnoll zombies (Ossuary)
  A goblin zombie (Ossuary)
  A hobgoblin zombie (Ossuary)
  2 jackal skeletons
  A jackal zombie (D:5)
  A kobold zombie (Ossuary)
  2 leopard gecko skeletons
  6 rats
  A fungus (Lair:6)
683 creatures vanquished.

Vanquished Creatures (collateral kills)
  A bog body (Swamp:1)
  A swamp worm (Swamp:1)
2 creatures vanquished.

Vanquished Creatures (others)
  A human (Lair:5)
  A kobold (D:3)
  34 fungi
  15 plants
51 creatures vanquished.

Grand Total: 736 creatures vanquished

Notes
Turn   | Place    | Note
-------+----------+-------------------------------------------
     0 | D:1      | RKaid the Gargoyle Gladiator began the quest for the Orb.
     0 | D:1      | Reached XP level 1. HP: 12/12 MP: 1/1
   122 | D:1      | Reached XP level 2. HP: 17/17 MP: 2/2
   258 | D:1      | Reached skill level 4 in Maces & Flails
   287 | D:1      | Reached XP level 3. HP: 17/21 MP: 3/3
   851 | D:2      | Found a snail-covered altar of Cheibriados.
  1125 | D:2      | Found a hazy altar of Hepliaklqana.
  1125 | D:2      | Found a white marble altar of Elyvilon.
  1176 | D:2      | Reached XP level 4. HP: 26/26 MP: 4/4
  1580 | D:3      | Reached skill level 5 in Maces & Flails
  1600 | D:3      | Found a glowing drain.
  1631 | Sewer    | Entered a sewer
  1842 | Sewer    | Noticed Purgy
  1854 | Sewer    | Killed Purgy
  1854 | Sewer    | Reached skill level 6 in Maces & Flails
  1854 | Sewer    | Reached XP level 5. HP: 24/30 MP: 5/5
  2267 | D:3      | Reached XP level 6. HP: 27/36 MP: 6/6
  2930 | D:3      | HP: 8/36 [gnoll (2)]
  3515 | D:4      | Reached skill level 3 in Fighting
  3518 | D:4      | Reached skill level 7 in Maces & Flails
  3543 | D:4      | Reached XP level 7. HP: 18/41 MP: 7/7
  3767 | D:4      | HP: 5/41 [orc priest/divine providence (12)]
  3782 | D:4      | HP: 4/41 [orc priest/divine providence (9)]
  3798 | D:4      | HP: 4/41 [something (1)]
  3892 | D:4      | HP: 5/42 [orc priest/divine providence (14)]
  4589 | D:4      | Reached skill level 4 in Fighting
  4641 | D:4      | Reached skill level 8 in Maces & Flails
  5364 | D:5      | Entered Level 5 of the Dungeon
  5455 | D:5      | Reached XP level 8. HP: 46/48 MP: 8/8
  5556 | D:5      | Reached skill level 5 in Fighting
  5717 | D:5      | Noticed monokles's ghost (novice DsNe)
  5753 | D:5      | Killed monokles's ghost
  5753 | D:5      | Reached skill level 9 in Maces & Flails
  6011 | D:5      | Found an ancient bone altar of Kikubaaqudgha.
  6011 | D:5      | Found a hide-covered altar of Uskayaw.
  6315 | D:6      | Found a stormy altar of Qazlal.
  6346 | D:6      | Reached skill level 6 in Fighting
  6364 | D:6      | Found a sparkling altar of Nemelex Xobeh.
  6437 | D:6      | Found a staircase to the Ecumenical Temple.
  6502 | D:6      | Reached skill level 10 in Maces & Flails
  6514 | D:6      | Reached XP level 9. HP: 52/56 MP: 9/9
  6737 | D:6      | Found Deteycoc's Jewellery Emporium.
  6905 | Temple   | Entered the Ecumenical Temple
  6965 | Temple   | Became a worshipper of Warmaster Okawaru
  7457 | D:7      | Reached skill level 7 in Fighting
  7508 | D:7      | Found a shimmering altar of Xom.
  8064 | D:7      | Reached skill level 11 in Maces & Flails
  8176 | D:8      | Reached * piety under Okawaru
  8410 | D:8      | Found a sand-covered staircase.
  8427 | D:8      | HP: 7/59 [mummy (9)]
  8447 | Ossuary  | Entered an ossuary
  8869 | Ossuary  | Reached skill level 1 in Invocations
  9109 | D:8      | Reached skill level 8 in Fighting
  9143 | D:8      | Noticed a queen bee
  9457 | D:9      | Reached skill level 2 in Invocations
  9457 | D:9      | Reached XP level 10. HP: 64/64 MP: 11/11
  9652 | D:9      | Reached skill level 12 in Maces & Flails
  9685 | D:9      | Reached ** piety under Okawaru
  9685 | D:9      | Reached skill level 3 in Invocations
 10448 | D:10     | Entered Level 10 of the Dungeon
 10480 | D:10     | Found a hide-covered altar of Uskayaw.
 10499 | D:10     | Reached skill level 4 in Invocations
 10516 | D:10     | Reached skill level 9 in Fighting
 10560 | D:10     | Noticed a hill giant
 10568 | D:10     | HP: 9/66 [hill giant/giant club (15)]
 10880 | D:10     | Noticed Erica
 10920 | D:9      | Killed Erica
 10920 | D:9      | Reached *** piety under Okawaru
 11080 | D:10     | Reached skill level 5 in Invocations
 11342 | D:10     | HP: 4/66 [hill giant/giant club (25)]
 11348 | D:10     | Killed a hill giant
 11586 | D:10     | Found Henem's Armour Shop.
 11586 | D:10     | Found a staircase to the Orcish Mines.
 11587 | D:10     | Found Cuaj's Weapon Shop.
 11659 | D:10     | Reached skill level 13 in Maces & Flails
 11659 | D:10     | Reached XP level 11. HP: 34/71 MP: 11/15
 12418 | D:10     | Found a staircase to the Lair.
 12461 | D:10     | Reached skill level 10 in Fighting
 12504 | Lair:1   | Entered Level 1 of the Lair of Beasts
 12838 | Lair:1   | Reached **** piety under Okawaru
 13377 | Lair:2   | Reached skill level 14 in Maces & Flails
 13430 | Lair:2   | Found a staircase to the Swamp.
 13434 | Lair:2   | Reached ***** piety under Okawaru
 13550 | Lair:2   | Received a gift from Okawaru
 13754 | Lair:2   | Reached skill level 1 in Armour
 13805 | Lair:2   | Found a glowing golden altar of the Shining One.
 13860 | Lair:2   | Reached skill level 2 in Armour
 13860 | Lair:2   | Reached skill level 3 in Dodging
 14138 | Lair:2   | Reached XP level 12. HP: 59/79 MP: 16/16
 14148 | Lair:2   | Reached skill level 3 in Armour
 14213 | Lair:2   | Noticed a six-headed hydra
 14221 | Lair:2   | Killed a six-headed hydra
 14362 | Lair:2   | Reached skill level 4 in Armour
 14386 | Lair:2   | Reached skill level 4 in Dodging
 14665 | Lair:3   | Reached skill level 5 in Armour
 14783 | Lair:3   | Found a staircase to the Snake Pit.
 14913 | Lair:3   | Received a gift from Okawaru
 15047 | Lair:3   | Reached skill level 5 in Dodging
 15534 | Lair:4   | Reached skill level 6 in Armour
 15793 | Lair:4   | Received a gift from Okawaru
 15918 | Lair:4   | Noticed Josephine
 15927 | Lair:4   | Killed Josephine
 16135 | Lair:4   | Reached skill level 7 in Armour
 16183 | Lair:4   | Reached skill level 6 in Dodging
 16651 | Lair:5   | Noticed a death yak
 16651 | Lair:5   | Noticed a death yak
 16651 | Lair:5   | Noticed a death yak
 16651 | Lair:5   | Noticed a death yak
 16653 | Lair:5   | Noticed a death yak
 16673 | Lair:4   | Killed a death yak
 16685 | Lair:4   | Killed a death yak
 16827 | Lair:4   | Reached skill level 8 in Armour
 16990 | Lair:5   | Reached XP level 13. HP: 79/84 MP: 17/17
 16997 | Lair:5   | Reached skill level 7 in Dodging
 17046 | Lair:5   | Noticed Kirke
 17230 | Lair:5   | Noticed a sphinx
 17231 | Lair:5   | Killed Kirke
 17231 | Lair:5   | Reached skill level 9 in Armour
 17307 | Lair:5   | Received a gift from Okawaru
 17326 | Lair:5   | Reached skill level 8 in Dodging
 17328 | Lair:5   | HP: 17/84 [yak (10)]
 17800 | Lair:5   | Reached ****** piety under Okawaru
 17800 | Lair:5   | Reached skill level 10 in Armour
 17991 | Lair:6   | Entered Level 6 of the Lair of Beasts
 18334 | Lair:6   | Reached skill level 2 in Throwing
 18590 | Lair:6   | Reached skill level 3 in Throwing
 18878 | Lair:6   | Reached skill level 11 in Armour
 18999 | Lair:6   | Found a viscous altar of Jiyva.
 18999 | Lair:6   | Found a staircase to the Slime Pits.
 19012 | Lair:6   | Reached skill level 4 in Throwing
 19333 | Lair:6   | Gained mutation: Your large and strong wings let you fly indefinitely. [Gargoyle growth]
 19333 | Lair:6   | Reached XP level 14. HP: 78/88 MP: 18/18
 19338 | Lair:6   | Reached skill level 5 in Throwing
 19430 | Lair:6   | Received a gift from Okawaru
 19444 | Lair:6   | Reached skill level 11 in Fighting
 19524 | Lair:6   | Received a gift from Okawaru
 19997 | Lair:6   | Reached skill level 12 in Fighting
 20628 | D:11     | Found a sacrificial altar of Ru.
 20684 | D:11     | Noticed Harold
 20703 | D:11     | Killed Harold
 20750 | D:11     | Reached skill level 13 in Fighting
 20767 | D:11     | Received a gift from Okawaru
 21945 | D:12     | Found Joschaw's Assorted Antiques.
 21949 | D:12     | Bought a grey potion for 27 gold pieces
 21987 | D:12     | Reached skill level 14 in Fighting
 22072 | D:12     | Found Vikkisom's Book Shop.
 22185 | D:12     | Received a gift from Okawaru
 22192 | D:12     | Got a pair of encrusted boots {god gift}
 22348 | D:12     | Identified the +2 pair of boots of Zoybyts {Int-2 Dex+8} (Okawaru gifted it to you on level 12 of the Dungeon)
 22390 | D:12     | Found Kehon's General Store.
 22395 | D:12     | Bought a potion of heal wounds for 65 gold pieces
 22707 | D:12     | Found Iteome's Magic Scroll Emporium.
 22710 | D:12     | Bought a scroll of teleportation for 48 gold pieces
 22853 | D:13     | Noticed Urug
 22918 | D:13     | Killed Urug
 22975 | D:13     | Found a gate to the Vaults.
 23268 | D:13     | Reached skill level 15 in Fighting
 23315 | D:13     | Reached XP level 15. HP: 70/103 MP: 17/19
 23392 | D:13     | Found a shattered altar of Ashenzari.
 24129 | Swamp:1  | Entered Level 1 of the Swamp
 24325 | Swamp:1  | Reached skill level 16 in Fighting
 24689 | Swamp:1  | Noticed Frances
 24703 | Swamp:1  | Killed Frances
 24709 | Swamp:1  | Received a gift from Okawaru
 25278 | Swamp:2  | Noticed a thorn hunter
 25294 | Swamp:2  | Killed a thorn hunter
 25791 | Swamp:2  | Noticed Roxanne
 25805 | Swamp:2  | Noticed a thorn hunter
 25828 | Swamp:2  | HP: 16/106 [thorn hunter (15)]
 25832 | Swamp:2  | Killed a thorn hunter
 25832 | Swamp:2  | Reached skill level 17 in Fighting
 25843 | Swamp:2  | Noticed Nikola
 25865 | Swamp:2  | HP: 18/107 [Nikola/chain lightning (9)]
 25865 | Swamp:2  | HP: 6/107 [Nikola/chain lightning (4)]
 25876 | Swamp:2  | Killed Nikola
 25876 | Swamp:2  | Received a gift from Okawaru
 26487 | Swamp:3  | Found a frozen archway.
 26500 | Swamp:3  | HP: 11/108 [ice statue/bolt of cold (28)]
 26551 | Swamp:3  | HP: 18/108 [eight-headed hydra (7)]
 26932 | Swamp:2  | Reached skill level 18 in Fighting
 26951 | Swamp:3  | HP: 27/108 [ice beast[an ice statue] (13)]
 26983 | IceCv    | Entered an ice cave
 27006 | IceCv    | HP: 8/108 [dire elephant simulacrum (25)]
 27011 | IceCv    | HP: 19/162 [four-headed hydra simulacrum (3)]
 27011 | IceCv    | Mangled by a four-headed hydra simulacrum

Skill      XL: |  1  2  3  4  5  6  7  8  9 10 11 12 13 14 15 |
---------------+----------------------------------------------+-----
Maces & Flails | 4 6 7 8 10 11 13 14 | 14.5
Fighting       | 3 4 6 8 9 10 15 18 | 18.1
Invocations    | 2 5 |  5.3
Armour         | 2 8 11 | 11.8
Dodging        | 3 6 8 |  8.5
Throwing       | 4 5 |  5.3

Action                   |  1- 3 |  4- 6 |  7- 9 | 10-12 | 13-15 || total
-------------------------+-------+-------+-------+-------+-------++-------
Melee: Flail             |   102 |   168 |       |       |       ||   270
       Whip              |       |    21 |   717 |   696 |       ||  1434
       Dire flail        |       |       |       |   421 |  1357 ||  1778
       Punch             |       |       |       |     1 |       ||     1
       Unarmed           |       |       |       |       |     4 ||     4
Throw: Javelin           |       |       |       |    25 |   107 ||   132
Invok: Heroism           |       |       |     1 |     1 |     8 ||    10
       Finesse           |       |       |       |       |     3 ||     3
 Abil: Fly               |       |       |       |       |     1 ||     1
Evoke: Wand              |       |       |     1 |     1 |       ||     2
       Lamp of fire      |       |       |       |       |     1 ||     1
  Use: Scroll            |     2 |       |    16 |     4 |    10 ||    32
       Potion            |       |       |     4 |     2 |     8 ||    14
 Stab: Sleeping          |       |       |     2 |       |       ||     2
  Eat: Chunk             |     1 |     5 |    10 |    17 |    15 ||    48
       Bread ration      |       |     1 |     4 |     1 |     4 ||    10
       Beef jerky        |       |       |     1 |     1 |     1 ||     3
       Royal jelly       |       |       |       |     1 |       ||     1
       Pizza             |       |       |       |     1 |     2 ||     3
Armor: Leather armour    |    39 |    47 |   178 |   341 |       ||   605
       Ring mail         |       |    49 |    40 |    17 |   759 ||   865
Dodge: Dodged            |   101 |   108 |   319 |   451 |   967 ||  1946
Block: Other             |       |       |       |       |    70 ||    70
       Reflection        |       |       |       |       |     6 ||     6

Vault maps used:
D:1:      kennysheep_arrival_forest
D:2:      lemuel_doored_altar, gammafunk_temple_overflow_elements, first_bread,
          columned_hall_lemuel
D:3:      portal_sewer_entry_d, bh_walls_and_bars
D:4:      serial_co_window_serial, co_window_paths_a, co_window_paths_a,
          co_window_paths_a, co_window_corner_a, co_window_paths_b,
          co_window_paths_a, co_window_of_opportunity_a, co_window_broadway_b,
          co_window_of_opportunity_c, co_window_unsneaky_path_b,
          co_window_paths_c, co_window_paths_e, co_window_4corner_b,
          glass_columns_b
D:5:      chequers_temple_overflow_statue_of_worship
D:6:      old_standard_altar, basic_altar, serial_shops, shop,
          minmay_ogre_servants
D:7:      nicolae_overflow_hidden_temple
D:8:      gup_ossuary_entry_pyramid, david_nohive_1
D:10:     erik_lair_dragon, orc_david_3, basic_altar, st_stairs_14, uniq_erica
D:11:     nicolae_ru_sacrificial_ziggurat, uniq_harold
D:12:     serial_shops, shop, kennysheep_little_box, kennysheep_mini, shop
D:13:     david_vaults_2, minmay_stone_trees_small, evilmike_ruin_ashenzari,
          uniq_urug
D:14:     minmay_ambush_box, hex_tiny, uniq_rupert
Temple:   minmay_temple_curvy_branch
Lair:2:   minmay_swamp_entry_swarm, basic_altar
Lair:3:   minmay_snake_entry_six_corridors, minmay_holes, serial_bayou_shore_a
Lair:4:   uniq_josephine
Lair:5:   grunt_megastairs_5, infiniplex_staircase_pool, uniq_kirke
Lair:6:   minmay_lair_end_enchanted_forest, slime_altar_1
Swamp:1:  evilmike_swamp_ruin_house_5, uniq_frances
Swamp:2:  evilmike_swamp_ruin_rubble_2, uniq_roxanne, uniq_nikola
Swamp:3:  portal_ice_cave_entry_ice_statue_two, evilmike_swamp_ruin_house_3,
          uniq_aizul, uniq_jorgrun
Sewer:    kennysheep_door_sewer
Ossuary:  ossuary_crypta
IceCv:    ice_cave_statue_garden_chambered

Table legend:
 A = Turns spent in this place as a percentage of turns spent in the entire game.
 B = Non-inter-level travel turns spent in this place as a percentage of non-inter-level travel turns spent in the entire game.
 C = Inter-level travel turns spent in this place as a percentage of turns spent in this place.
 D = Turns resting spent in this place as a percentage of non-inter-level travel turns spent in this place.
 E = Turns spent auto-exploring this place as a percentage of non-inter-level travel turns spent in this place.
 F = Non-inter-level travel turns spent in this place divided by the number of levels of this place that you've seen.
                   A       B       C       D       E      F
               +-------+-------+-------+-------+-------+----------------------
         Total | 100.0 | 100.0 |   0.5 |   2.1 |   6.7 | 318.3
       Dungeon |  57.7 |  57.7 |   0.5 |   2.1 |   7.5 | 354.3
        Temple |   0.2 |   0.2 |   4.8 |   0.0 |  65.0 |  20.0
          Lair |  27.8 |  27.7 |   0.5 |   2.1 |   6.1 | 397.3
         Swamp |  10.3 |  10.3 |   0.2 |   2.0 |   3.8 | 295.3
         Sewer |   2.0 |   2.0 |   0.0 |   2.4 |   0.0 | 169.0
       Ossuary |   1.7 |   1.7 |   0.0 |   2.8 |   9.7 | 145.0
      Ice Cave |   0.3 |   0.3 |   0.0 |   0.0 |   0.0 |  29.0
               +-------+-------+-------+-------+-------+----------------------

Table legend:
 A = Kills in this place as a percentage of kills in entire the game.
 B = Kills by you in this place as a percentage of kills by you in the entire game.
 C = Kills by friends in this place as a percentage of kills by friends in the entire game.
 D = Other kills in this place as a percentage of other kills in the entire game.
 E = Experience gained in this place as a percentage of experience gained in the entire game.
 F = Experience gained in this place divided by the number of levels of this place that you have seen.
                   A       B       C       D       E      F
               +-------+-------+-------+-------+-------+----------------------
         Total | 100.0 | 100.0 | 100.0 |  -nan | 100.0 | 4625.4
       Dungeon |  56.7 |  56.9 |   0.0 |  -nan |  29.4 | 2623.6
          Lair |  31.0 |  31.1 |   0.0 |  -nan |  43.5 | 9055.2
         Swamp |   9.4 |   9.1 | 100.0 |  -nan |  26.5 | 11034.3
         Sewer |   0.9 |   0.9 |   0.0 |  -nan |   0.1 | 142.0
       Ossuary |   1.6 |   1.6 |   0.0 |  -nan |   0.1 | 182.0
      Ice Cave |   0.4 |   0.4 |   0.0 |  -nan |   0.3 | 398.0
               +-------+-------+-------+-------+-------+----------------------
